 Dungeon Crawl Stone Soup version 0.21.1-1-g345015fe64 (webtiles) character file.

60 Napalmbreeze the Covered (level 4, 0/29 HPs)
             Began as a Gargoyle Fighter on July 19, 2018.
             Was an Initiate of Okawaru.
             Killed by divine providence
             ... invoked by an orc priest
              (15 damage)
             ... on level 3 of the Dungeon.
             The game lasted 00:02:36 (2297 turns).

Napalmbreeze the Covered (Gargoyle Fighter)         Turns: 2297, Time: 00:02:37

Health: 0/29       AC: 11    Str: 19    XL:     4   Next: 6%
Magic:  4/4        EV: 10    Int:  9    God:    Okawaru [......]
Gold:   43         SH:  0    Dex: 10    Spells: 3/3 levels left

rFire    . . .     SeeInvis .   a - +0 flail
rCold    . . .     Gourm    .   (no shield)
rNeg     + + .     Faith    .   j - +0 scale mail (curse)
rPois    ∞         Spirit   .   (no helmet)
rElec    +         Reflect  .   (no cloak)
rCorr    .         Harm     .   o - +0 pair of gloves
MR       .....                  (no boots)
Stlth    ..........             (no amulet)
HPRegen  0.09/turn              i - ring of positive energy
MPRegen  0.09/turn              (no ring)

@: no status effects
A: negative energy resistance 1, electricity resistance, unbreathing,
petrification resistance, rot immunity, AC +3
a: Renounce Religion


You were on level 3 of the Dungeon.
You worshipped Okawaru.
Okawaru was noncommittal.
You were hungry.

You visited 1 branch of the dungeon, and saw 3 of its levels.

You collected 43 gold pieces.

Inventory:

Hand Weapons
 a - a +0 flail (weapon)
Armour
 b - a +0 scale mail
 c - a +0 shield
 j - a cursed +0 scale mail (worn)
 o - a +0 pair of gloves (worn)
Jewellery
 i - a ring of positive energy (left hand)
Scrolls
 g - a scroll of teleportation {unknown}
 k - 5 scrolls of remove curse {unknown}
 n - a scroll of identify {unknown}
 p - a scroll of fog {unknown}
Potions
 d - a potion of might
 e - a potion of lignification {unknown}
 h - a potion of brilliance {unknown}
 m - a potion of mutation {unknown}
Comestibles
 f - 5 rations


   Skills:
 + Level 3.8 Fighting
 + Level 2.6 Maces & Flails
 + Level 3.9 Armour
 + Level 1.2 Dodging
 - Level 3.2 Shields


You had 3 spell levels left.
You didn't know any spells.

Dungeon Overview and Level Annotations

Branches:
Dungeon (3/15)

Altars:
Gozag
Okawaru


Innate Abilities, Weirdness & Mutations

You are resistant to torment.
Your stone body is resilient. (AC +3)
You are immune to poison.
You resist negative energy. (rN+)
You are resistant to electric shocks. (rElec)
You can survive without breathing.
You are immune to petrification.
You are immune to rotting.


Message History

The orc hits you from afar with a trident.
You sock the orc priest!
The orc priest is heavily wounded.
The orc hits you but does no damage. The orc priest hits you.
You hit the orc priest.
The orc priest is severely wounded.
The orc barely misses you.
The orc priest invokes the aid of Beogh against you.
Pain shoots through your body! The orc hits you but does no damage.
You are feeling hungry.
You hit the orc priest.
The orc priest is almost dead.
The orc priest mumbles some strange prayers to Beogh against you.
You barely resist.
The orc hits you from afar with a trident.
The orc priest hits you.
The orc priest mumbles some strange prayers to Beogh against you.
Beogh smites you!
Ouch! That really hurt!
You die...

############ #..........#
#..........# #..........#
#######........####
+.............>....
####.####o.........
#...@ooo........
#..####......... ####
#..#............ ##...#
#..#.#.......... ......
#..# #..........
......#####..# #.o........
#........# #....o<.... .
+.#.####.## #..........
....#.#.####.##.#..........


You could see 2 orc priests and 2 orcs.

Vanquished Creatures
  An ooze (D:1)
  A worm (D:2)
  2 dart slugs
  2 leopard geckos
  3 orcs
  A ball python (D:2)
  3 bats
  5 goblins
  3 hobgoblins
  5 jackals
  7 kobolds
  3 frilled lizards
  8 rats
44 creatures vanquished.

Notes
Turn   | Place    | Note
-------+----------+-------------------------------------------
     0 | D:1      | Napalmbreeze the Gargoyle Fighter began the quest for the Orb.
     0 | D:1      | Reached XP level 1. HP: 14/14 MP: 1/1
   190 | D:1      | Reached XP level 2. HP: 17/19 MP: 2/2
   537 | D:1      | Reached XP level 3. HP: 21/23 MP: 3/3
  1010 | D:1      | Reached skill level 1 in Dodging
  1669 | D:2      | Found an opulent altar of Gozag.
  1869 | D:2      | Found an iron altar of Okawaru.
  1887 | D:2      | Reached XP level 4. HP: 26/29 MP: 4/4
  1922 | D:2      | Became a worshipper of Warmaster Okawaru
  2297 | D:3      | Killed from afar by an orc priest

Skill      XL: |  1  2  3 |
---------------+----------+-----
Dodging        | 1 |  1.2
Fighting       | |  3.8
Maces & Flails | |  2.6
Armour         | |  3.9
Shields        | |  3.2

Action                   |  1- 3 |  4- 6 || total
-------------------------+-------+-------++-------
Melee: Flail             |   116 |    13 ||   129
  Eat: Chunk             |     3 |     1 ||     4
Armor: Scale mail        |    76 |     6 ||    82
Dodge: Dodged            |    73 |     7 ||    80
